 Dungeon Crawl Stone Soup version 0.15.2 (webtiles) character file.

336596 Miyamura the Maledictor (level 20, -3/94 HPs)
             Began as a Spriggan Enchanter on Dec 12, 2014.
             Was the Champion of Okawaru.
             Hit by a large rock thrown by a stone giant (47 damage)
             ... on Level 5 of the Vaults.
             The game lasted 05:20:12 (66155 turns).

Miyamura the Maledictor (Spriggan Enchanter)       Turns: 66155, Time: 05:20:12

HP  -3/94        AC 16     Str  4      XL: 20   Next: 99%
MP  34/44        EV 30     Int 22      God: Okawaru [******]
Gold 696         SH 10     Dex 18      Spells:  9 memorised, 16 levels left

rFire  + + .     SeeInvis +     P - +9 short sword "Figyxite" {speed, rC+ Int+1}
rCold  + . .     Clarity  .     U - +2 robe {rF+}
rNeg   . . .     rCorr    .     O - +1 buckler of the Scribe {Slay+4}
rPois  .         rRot     .     y - +1 hat {MR+}
rElec  .         Spirit   .     f - +2 cloak of Aseb {MR+ Int-4 Slay+6}
SustAb .         Warding  .     (gloves unavailable)
rMut   +         Stasis   .     (boots unavailable)
Gourm  .                        l - amulet of resist mutation
MR     +++++                    L - ring "Beinion" {AC+4 Dex+2 Stlth+}
                                z - ring "Cumes" {+Rage rF+ MR++}

@: very slightly contaminated, regenerating (expiring), very quick, almost
entirely resistant to hostile enchantments, incredibly stealthy
A: unfitting armour, rough black scales 1, see invisible, herbivore 3, speed 3,
slow metabolism 2
a: Heroism, Finesse, Renounce Religion, Evoke Berserk Rage
}: 2/15 runes: decaying, gossamer


You were on level 5 of the Vaults.
You worshipped Okawaru.
Okawaru was exalted by your worship.
You were not hungry.

You visited 7 branches of the dungeon, and saw 43 of its levels.
You also visited: Labyrinth.

You collected 4682 gold pieces.
You spent 3986 gold pieces at shops.

Inventory:

Hand weapons
 t - the +5 short sword of Anxiety {holy, +Inv +Fly}
   (Okawaru gifted it to you on level 3 of the Orcish Mines)

   It has been blessed by the Shining One to cause great damage to the undead
   and demons.
   It lets you turn invisible.
   It lets you fly.
 u - the +7 cutlass of the Sea {slice, rPois Dex+4}
   (Okawaru gifted it to you on level 1 of the Vaults)

   It inflicts extra damage upon your enemies.
   It affects your dexterity (+4).
   It protects you from poison.
 P - the +9 short sword "Figyxite" (weapon) {speed, rC+ Int+1}
   (Okawaru gifted it to you on level 4 of the Orcish Mines)

   Attacks with this weapon are significantly faster.
   It affects your intelligence (+1).
   It protects you from cold.
 W - a +5 quick blade
Armour
 f - the +2 cloak of Aseb (worn) {MR+ Int-4 Slay+6}
   (You acquired it on level 1 of the Lair of Beasts)

   It affects your intelligence (-4).
   It affects your accuracy and damage with ranged weapons and melee attacks
   (+6).
   It affects your resistance to hostile enchantments.
 y - a +1 hat of magic resistance (worn)
 C - a +2 robe of cold resistance
 O - the +1 buckler of the Scribe (worn) {Slay+4}
   (You acquired it on level 1 of the Lair of Beasts)

   It affects your accuracy and damage with ranged weapons and melee attacks
   (+4).
 U - a +2 robe of fire resistance (worn)
Magical devices
 d - a wand of invisibility (2)
 p - a wand of teleportation (6)
 s - a wand of digging (6)
 Q - a wand of teleportation (2)
 T - a wand of cold (6)
Comestibles
 h - 4 royal jellies
 i - 10 bread rations
Scrolls
 e - 4 scrolls of fog
 g - 3 scrolls of recharging
 n - 8 scrolls of identify
 o - 11 scrolls of teleportation
 q - 8 scrolls of fear
 r - 23 scrolls of remove curse
 w - 4 scrolls of blinking
 x - 6 scrolls of vulnerability
 B - a scroll of summoning
 D - 4 scrolls of magic mapping
 R - a scroll of amnesia
Jewellery
 l - an amulet of resist mutation (around neck)
 z - the ring "Cumes" (left hand) {+Rage rF+ MR++}
   (You found it on level 5 of the Lair of Beasts)

   [ring of protection from fire]

   It protects you from fire.
   It affects your resistance to hostile enchantments.
   It lets you go berserk.
 I - an uncursed ring of protection from cold
 K - an uncursed ring of poison resistance
 L - the ring "Beinion" (right hand) {AC+4 Dex+2 Stlth+}
   (You found it on level 8 of the Lair of Beasts)

   [ring of protection]

   It affects your AC (+4).
   It affects your dexterity (+2).
   It makes you more stealthy.
 S - a +2 ring of evasion
Potions
 a - 3 potions of magic
 b - a potion of cancellation
 c - a potion of might
 j - 2 potions of resistance
 k - 2 potions of porridge
 m - a potion of heal wounds
 E - a potion of invisibility
 G - 7 potions of curing
 H - 3 potions of restore abilities
 M - 2 potions of haste
Books
 A - a Necronomicon This book is beyond your current level of understanding.

   Spells                             Type                      Level
   Haunt                              Necromancy/Summoning         7
   Borgnjor's Revivification          Necromancy                   8
   Death's Door                       Charms/Necromancy            8
   Necromutation                      Transmutation/Necromancy     8
Miscellaneous
 v - a stone of tremors
 F - a fan of gales
 J - a crystal ball of energy
 N - a fan of gales


   Skills:
 + Level 6.3 Fighting
 + Level 12.3 Short Blades
 + Level 13.8 Dodging
 + Level 16.6 Stealth
 - Level 10.0 Shields
 - Level 18.0 Spellcasting
 - Level 23.3 Hexes
 - Level 13.1 Charms
 + Level 4.4 Necromancy
 - Level 17.1 Translocations
 - Level 7.6 Evocations


You had 16 spell levels left.
You knew the following spells:

 Your Spells              Type           Power        Failure   Level  Hunger
a - Cure Poison           Pois           ###.......   4%          2    None
b - Ensorcelled Hibernat  Hex/Ice        ######       1%          2    None
c - Confuse               Hex            #######.     0%          3    None
d - Repel Missiles        Chrm/Air       #####.       1%          2    None
e - Discord               Hex            #######...   1%          8    #######
f - Controlled Blink      Tloc           N/A          1%          7    ######.
g - Haste                 Chrm           ######..     1%          6    ####...
h - Dispersal             Tloc           #######...   1%          6    ####...
i - Regeneration          Chrm/Necr      ######....   1%          3    None


Dungeon Overview and Level Annotations

Branches:
Dungeon (15/15)            Temple (1/1) D:4             Orc (4/4) D:10
    Elf (0/3) Orc:3          Lair (8/8) D:8           Swamp (5/5) Lair:3
 Spider (5/5) Lair:5        Slime (0/6) Lair:6       Vaults (5/5) D:14
  Crypt (0/3) Vaults:2     Depths (0/5) D:15

Altars:
Ashenzari
Cheibriados
Dithmenos
Elyvilon
Fedhas
Kikubaaqudgha
Makhleb
Nemelex Xobeh
Okawaru
Qazlal
Sif Muna
Trog
Vehumet
Xom
Yredelemnul
Zin
The Shining One
Jiyva

Shops:
D:4 (   D:7 (   D:12 *   Orc:4 =(*[(**::   Vaults:1 ?   Vaults:2 *   Vaults:3 *

Annotations:
Swamp:3 Mara
Vaults:4 Saint Roka


Innate Abilities, Weirdness & Mutations

You are tiny and cannot use many weapons and most armour.
You have supernaturally acute eyesight.
You are a herbivore.
You cover ground extremely quickly.
You need consume almost no food.
You are partially covered in rough black scales (AC +4, Dex -1).


Message History

The yaktaur shoots a bolt.
The bolt closely misses you.
You hit the stone giant but do no damage.
The stone giant is almost dead.
The stone giant hits you!!
Something hits the iron dragon but does no damage.
Something closely misses the iron dragon.
Something claws the iron dragon but does no damage.
The yaktaur shoots a bolt.
The bolt misses you.
You see here a bolt.
The alligator changes into a griffon!
The stone giant throws a large rock.
The large rock barely misses you.
Something barely misses the iron dragon.
Something pecks the iron dragon but does no damage.
Something claws the iron dragon but does no damage.
The griffon changes into an anaconda!
Something hits the iron dragon!!
Something pecks the iron dragon.
Something claws the iron dragon!
You see here 2 large rocks.
The stone giant throws a large rock.
The large rock hits you!!!
Ouch! That really hurt!
You die...

#
############.)[)(.[.#######
.........[..<<[[[.......
........[[.<).<.[[......
............<<..........
.......................
##########...[....#######
#.. #.. #....[[....#)###}
c# ..##..##..#.[..#.#...#..
#.c #.. #.@###....##[#.#.#.
..##..##(.###....#=.[#...#
#.. #..##..#....##(#.#.#.
#..##..##..#....###.[.#..
#.(##..###....##)#.#.#.
9##C.##..###....#}..#...#
#SD##..##..#....##.#.#.#. .
#.)##..##..#... ##.."#..
#..##..##..### ##.#.#.#.


You could see a stone giant.

Vanquished Creatures
  the Lernaean hydra (Swamp:5)
  Margery (Vaults:3)
  Norris (Vaults:2)
  4 golden dragons (Vaults:5)
  Xtahua (Vaults:5)
  Frederick (Vaults:2)
  A tentacled monstrosity (Vaults:4)
  The ghost of bullock the Slayer, a mighty MiFi of Xom (Swamp:5)
  2 titans (Vaults:5)
  3 quicksilver dragons (Vaults:5)
  An acid blob (Lair:6)
  2 sphinxes
  2 storm dragons
  Rupert (Swamp:3)
  Agnes (Swamp:1)
  A shadow dragon (Vaults:5)
  3 thorn hunters
  3 tengu reavers
  Roxanne (D:15)
  A fire giant (shapeshifter) (Vaults:4)
  An iron dragon (Vaults:5)
  3 ghost moths (Spider:5)
  6 vault wardens
  2 fire giants (Vaults:5)
  2 frost giants
  Aizul (Vaults:3)
  An orc warlord (Orc:4)
  Gastronok (Orc:3)
  8 emperor scorpions
  Jorgrun (Swamp:3)
  2 stone giants (Vaults:4)
  A deep elf demonologist (Vaults:5)
  2 very ugly things
  The ghost of trelanon the Basher, a powerful VSGl of Makhleb (Orc:4)
  A deep elf annihilator (Vaults:5)
  Snorg (D:15)
  A deep elf death mage (Vaults:1)
  A crystal guardian (Vaults:4)
  Josephine (D:12)
  A deep elf high priest (Vaults:5)
  4 vault guards
  3 great orbs of eyes
  A minotaur (Lab)
  15 yaktaur captains
  7 ettins
  Fannar (Orc:3)
  20 hydras
  Harold (D:9)
  3 ice dragons
  9 ogre magi
  10 centaur warriors
  7 ironheart preservers
  9 alligators
  3 shambling mangroves
  2 dancing weapons (D:14)
  10 death yaks
  2 tengu warriors (D:13)
  2 deep troll earth magi
  3 orc high priests (Orc:4)
  3 catoblepae (Lair:8)
  9 skeletal warriors
  An ice devil (Vaults:4)
  4 shadow wraiths
  3 deep elf knights
  3 unseen horrors
  8 deep trolls
  A spriggan druid (Swamp:5)
  14 orb spiders
  9 swamp dragons
  4 harpies (Vaults:2)
  9 ironbrand convokers
  18 orc knights
  11 red wasps
  37 wolf spiders
  5 hill giants
  46 ugly things
  A manticore (shapeshifter) (Vaults:5)
  9 orc sorcerers
  A sixfirhy (Vaults:4)
  A manticore (D:11)
  6 cyclopes
  5 griffons
  A black mamba (shapeshifter) (Vaults:5)
  A centaur zombie (D:13)
  2 moths of wrath
  Joseph (Orc:3)
  3 torpor snails
  A centaur skeleton (D:14)
  3 elephants (Lair:7)
  An orange demon (Vaults:4)
  6 black mambas
  12 vault sentinels
  3 efreet
  5 gargoyles
  20 spiny frogs
  An elf (shapeshifter) (Vaults:5)
  A fire drake (shapeshifter) (Vaults:2)
  24 yaktaurs
  3 freezing wraiths
  5 komodo dragons
  A kobold demonologist (D:14)
  2 wandering mushrooms (Lab)
  29 jumping spiders
  A deep elf priest (Vaults:1)
  A fire drake (D:8)
  13 demonic crawlers
  A queen bee (Spider:4)
  12 two-headed ogres
  5 giant leeches
  Sonja (D:15)
  3 polar bears
  A wind drake (shapeshifter) (D:15)
  2 trolls (shapeshifter)
  6 baby alligators (Swamp:5)
  Prince Ribbit (D:7)
  6 bog bodies
  6 boulder beetles
  2 trolls
  A hydra skeleton (D:11)
  2 wraiths
  2 spriggans
  2 basilisks
  20 ravens
  12 blink frogs
  2 centaur simulacra (D:12)
  24 slime creatures
  56 redbacks
  A shadow (Lab)
  20 trapdoor spiders
  2 deep elf magi
  15 hippogriffs
  4 hungry ghosts
  A spriggan (shapeshifter) (Vaults:3)
  A ynoxinul (Vaults:4)
  26 vampire mosquitoes
  Eustachio (D:8)
  26 tarantellas
  2 wyverns
  28 yaks
  Grum (D:9)
  3 deep elf fighters
  A hill giant skeleton (D:12)
  The ghost of Rgib the Chiller, an average DgIE (D:3)
  9 wargs
  13 water moccasins
  A human zombie (D:10)
  Edmund (D:4)
  9 wolves
  12 swamp drakes
  24 swamp worms
  4 ice beasts
  2 sky beasts
  2 mottled dragons
  A tengu skeleton (D:14)
  4 black bears
  32 spiders
  A soldier ant (D:11)
  A black bear (shapeshifter) (Vaults:2)
  13 porcupines
  2 necrophages
  7 yellow wasps
  8 crocodiles
  39 ogres
  44 orc warriors
  A phantom (D:11)
  25 centaurs
  5 boggarts (Vaults:2)
  3 big kobolds
  A wyvern zombie (D:12)
  23 giant frogs
  11 insubstantial wisps
  A cyclops zombie (D:13)
  A cyclops skeleton (D:11)
  24 scorpions
  An elf zombie (D:14)
  19 killer bees (Spider:5)
  14 wights
  An electric eel (Spider:5)
  A yak skeleton (D:10)
  7 crimson imps
  A quasit (D:11)
  4 goliath beetles
  4 jellies
  A two-headed ogre zombie (Vaults:1)
  2 gnoll shamans
  38 orc priests
  7 iguanas
  2 hounds
  17 worker ants
  34 orc wizards
  38 sheep
  Jessica (D:2)
  2 ogre skeletons
  A crocodile skeleton (D:12)
  A mummy (D:9)
  11 gnolls
  26 adders
  22 green rats
  4 shadow imps
  11 giant mites
  2 worms (D:2)
  9 giant geckos
  196 orcs
  2 giant cockroaches
  15 hobgoblins
  30 kobolds
  14 quokkas
  2 ball pythons (D:3)
  16 bats
  5 giant newts
  6 giant spores
  14 goblins
  A goblin skeleton (D:4)
  2 hobgoblin zombies (D:8)
  11 jackals
  9 orc zombies
  20 rats
  25 ballistomycetes
  A briar patch (Swamp:4)
  A fungus (Lair:8)
1805 creatures vanquished.

Vanquished Creatures (collateral kills)
  A sphinx (Vaults:5)
  A shadow dragon (Vaults:5)
  3 vault wardens (Vaults:5)
  A fire giant (Vaults:5)
  A war gargoyle (Vaults:5)
  A stone giant (Vaults:4)
  A deep elf annihilator (Vaults:5)
  4 ironheart preservers
  21 vault guards (Vaults:5)
  4 yaktaur captains (Vaults:5)
  2 ogre magi
  A shadow wraith (Vaults:3)
  3 hell knights (Vaults:3)
  3 deep trolls (Vaults:4)
  4 ironbrand convokers
  An orc knight (Vaults:3)
  A necromancer (Vaults:3)
  A deep elf conjurer (Vaults:5)
  2 vault sentinels
  13 yaktaurs
  A troll (Vaults:4)
  A wind drake (shapeshifter) (Vaults:5)
  2 freezing wraiths (Vaults:3)
  3 two-headed ogres
  A deep elf priest (Vaults:5)
  A giant leech (shapeshifter) (Vaults:5)
  2 redbacks
  A warg (Vaults:4)
  8 orc warriors
  9 ogres
  An orc priest (Vaults:3)
  4 orcs
103 creatures vanquished.

Vanquished Creatures (others)
  A fire giant (D:15)
  A frost giant (Vaults:3)
  2 stone giants (Vaults:5)
  A vault guard (Vaults:5)
  3 yaktaur captains (Vaults:5)
  An ogre mage (Vaults:2)
  An orc high priest (Orc:4)
  An orc warrior (Vaults:5)
  A hell knight (Vaults:3)
  A deep troll (Vaults:4)
  An orc knight (Vaults:5)
  An air elemental (D:15)
  A freezing wraith (Vaults:5)
  6 yaktaurs
  A redback (Vaults:3)
  2 earth elementals (Vaults:2)
  3 ogres
  2 lost souls (Vaults:1)
  A jelly (D:10)
  3 orcs
  A hobgoblin (D:7)
  A giant spore (D:12)
  An orc zombie (Orc:4)
  A briar patch (Swamp:5)
  10 fungi
  2 plants (Lair:8)
50 creatures vanquished.

Grand Total: 1958 creatures vanquished

Notes
Turn   | Place    | Note
--------------------------------------------------------------
     0 | D:1      | Miyamura, the Spriggan Enchanter, began the quest for the Orb.
     0 | D:1      | Reached XP level 1. HP: 9/9 MP: 4/4
   418 | D:1      | Reached XP level 2. HP: 13/13 MP: 7/7
   422 | D:1      | Learned a level 2 spell: Ensorcelled Hibernation
  1166 | D:2      | Reached XP level 3. HP: 16/16 MP: 1/9
  1171 | D:2      | Learned a level 3 spell: Confuse
  1303 | D:2      | Reached skill level 5 in Stealth
  1411 | D:2      | Noticed Jessica
  1419 | D:2      | Killed Jessica
  1627 | D:2      | Found a stormy altar of Qazlal.
  1634 | D:2      | Reached XP level 4. HP: 21/21 MP: 5/13
  2121 | D:3      | Found a glowing silver altar of Zin.
  2157 | D:3      | Noticed Rgib's ghost (average DgIE)
  2346 | D:3      | Killed Rgib's ghost
  2346 | D:3      | Reached skill level 6 in Stealth
  2346 | D:3      | Reached XP level 5. HP: 19/24 MP: 7/17
  3045 | D:3      | Reached XP level 6. HP: 26/28 MP: 19/19
  3083 | D:4      | Reached skill level 5 in Hexes
  3296 | D:4      | Found a staircase to the Ecumenical Temple.
  3301 | D:4      | Noticed Edmund
  3327 | D:4      | Reached skill level 5 in Dodging
  3694 | Temple   | Entered the Ecumenical Temple
  3826 | D:4      | Killed Edmund
  3979 | D:4      | Found Daddakhuu's Antique Weapon Shoppe.
  3996 | D:4      | Reached skill level 7 in Stealth
  4000 | D:4      | Reached XP level 7. HP: 32/32 MP: 16/21
  4144 | D:4      | Identified Sif Muna's Compendium of Bewitching Battle Magic
  4397 | D:4      | Found a glowing golden altar of the Shining One.
  4400 | D:4      | Found an ancient bone altar of Kikubaaqudgha.
  4404 | D:4      | Found a snail-covered altar of Cheibriados.
  4404 | D:4      | Found a deep blue altar of Sif Muna.
  4405 | D:4      | Found a blossoming altar of Fedhas.
  4405 | D:4      | Found a shadowy altar of Dithmenos.
  4406 | D:4      | Found an iron altar of Okawaru.
  4410 | D:4      | Became a worshipper of Warmaster Okawaru
  4416 | D:4      | Found a white marble altar of Elyvilon.
  4422 | D:4      | Found a shattered altar of Ashenzari.
  4576 | D:5      | Entered Level 5 of the Dungeon
  4641 | D:5      | Got an ebony falchion
  5123 | D:5      | Got a warped jade ring
  5257 | D:6      | Reached skill level 5 in Spellcasting
  5382 | D:6      | Found a burning altar of Makhleb.
  5850 | D:6      | Found a stormy altar of Qazlal.
  5897 | D:6      | Identified the +1 falchion of Wrath {venom, rF+} (You found it on level 5 of the Dungeon)
  5898 | D:6      | Identified the ring of Sloth {Ice Str+3 Int+2} (You found it on level 5 of the Dungeon)
  5957 | D:6      | Acquired Okawaru's first power
  5971 | D:6      | Reached XP level 8. HP: 36/36 MP: 1/24
  6026 | D:6      | Reached skill level 5 in Short Blades
  6026 | D:6      | Reached skill level 8 in Stealth
  6853 | D:6      | Found a sparkling altar of Nemelex Xobeh.
  7093 | D:7      | Noticed Prince Ribbit
  7112 | D:7      | Killed Prince Ribbit
  7112 | D:7      | Reached skill level 9 in Stealth
  7112 | D:7      | Reached XP level 9. HP: 30/39 MP: 9/27
  7396 | D:7      | Found a burning altar of Makhleb.
  8012 | D:7      | Found Xaocsyas' Antique Weapon Boutique.
  8316 | D:8      | Reached skill level 10 in Stealth
  8320 | D:8      | Noticed a fire drake
  8321 | D:8      | Found a staircase to the Lair.
  8321 | D:8      | Noticed Eustachio
  8590 | D:8      | Killed Eustachio
  8600 | D:8      | Killed a fire drake
  9659 | D:8      | Reached XP level 10. HP: 44/44 MP: 26/29
  9725 | D:9      | Noticed Grum
  9740 | D:9      | Reached skill level 11 in Stealth
  9748 | D:9      | Killed Grum
  9987 | D:9      | Identified the Handbook of Cloudy Augmentations
 10050 | D:9      | Reached skill level 10 in Dodging
 10572 | D:10     | Entered Level 10 of the Dungeon
 10753 | D:10     | Noticed Harold
 10804 | D:9      | Killed Harold
 11178 | D:10     | Reached skill level 12 in Stealth
 11415 | D:10     | Found a staircase to the Orcish Mines.
 11471 | D:10     | Acquired Okawaru's second power
 12003 | D:11     | Noticed a hill giant
 12023 | D:11     | Killed a hill giant
 12023 | D:11     | Reached XP level 11. HP: 47/47 MP: 26/32
 12166 | D:11     | Reached skill level 10 in Hexes
 12190 | D:11     | Found a bloodstained altar of Trog.
 12582 | D:11     | Received a gift from Okawaru
 12626 | D:11     | Noticed a seven-headed hydra
 12644 | D:11     | Killed a seven-headed hydra
 12694 | D:11     | Noticed a hill giant
 12727 | D:11     | Killed a hill giant
 12727 | D:11     | Received a gift from Okawaru
 12807 | D:11     | Reached skill level 13 in Stealth
 12909 | D:11     | Noticed an unseen horror
 12916 | D:11     | Killed an unseen horror
 12916 | D:11     | Reached skill level 10 in Spellcasting
 13073 | D:11     | Noticed a manticore
 13079 | D:11     | Killed a manticore
 13360 | D:12     | Found Kenlihud's General Store.
 13366 | D:12     | Bought 2 potions of curing for 52 gold pieces
 13374 | D:12     | Noticed Josephine
 13537 | Lair:1   | Entered Level 1 of the Lair of Beasts
 13989 | Lair:1   | Identified 2 scrolls of acquirement
 13990 | Lair:1   | Got a faintly humming buckler
 13997 | Lair:1   | Identified the +1 buckler of the Scribe {Slay+4} (You acquired it on level 1 of the Lair of Beasts)
 14054 | Lair:1   | Got a warped cloak
 14065 | Lair:1   | Identified the +2 cloak of Aseb {MR+ Int-4 Slay+6} (You acquired it on level 1 of the Lair of Beasts)
 14129 | Lair:1   | Learned a level 2 spell: Cure Poison
 14132 | Lair:1   | Learned a level 2 spell: Repel Missiles
 14150 | Lair:1   | Reached skill level 1 in Shields
 15285 | Lair:2   | Reached XP level 12. HP: 51/51 MP: 33/33
 15724 | Lair:3   | Found a staircase to the Swamp.
 15741 | Lair:3   | Received a gift from Okawaru
 15866 | Lair:3   | Reached skill level 5 in Shields
 16434 | Lair:4   | Got an ancient crystal amulet
 16436 | Lair:4   | Identified the amulet of Grontol {Inacc Str+3 Dex-4} (You found it on level 4 of the Lair of Beasts)
 16884 | Lair:4   | Identified Skebyuf's Tome of Dusty Transformation
 17187 | Lair:5   | Found a hole to the Spider Nest.
 17967 | Lair:5   | Got a warped lead ring
 18088 | Lair:5   | Identified the ring "Cumes" {+Rage rF+ MR++} (You found it on level 5 of the Lair of Beasts)
 18288 | Lair:1   | Gained mutation: You are partially covered in rough black scales (AC +4, Dex -1). [potion of beneficial mutation]
 18559 | Lair:6   | Found a viscous altar of Jiyva.
 18559 | Lair:6   | Found a staircase to the Slime Pits.
 18559 | Lair:6   | Noticed an acid blob
 19153 | Lair:6   | Received a gift from Okawaru
 19364 | Lair:6   | Killed an acid blob
 19364 | Lair:6   | Reached XP level 13. HP: 52/55 MP: 34/34
 20216 | Lair:6   | Reached skill level 10 in Shields
 20498 | Lair:7   | Reached skill level 1 in Evocations
 20534 | Lair:7   | Received a gift from Okawaru
 20957 | Lair:7   | Reached skill level 1 in Fighting
 21323 | Lair:8   | Entered Level 8 of the Lair of Beasts
 21331 | Lair:8   | Found a labyrinth entrance.
 21357 | Lab      | Entered a labyrinth
 21669 | Lab      | Reached skill level 10 in Short Blades
 21671 | Lab      | Got a warped emerald amulet
 21677 | Lab      | Identified the amulet "Zihe" {Spirit +Blink rN+} (You took it off a minotaur in a labyrinth)
 22292 | Lair:8   | Reached skill level 14 in Stealth
 22474 | Lair:8   | Reached skill level 5 in Evocations
 23804 | Lair:8   | Received a gift from Okawaru
 23894 | Lair:8   | Reached XP level 14. HP: 47/65 MP: 36/36
 24263 | Lair:8   | Got a sparkling brass ring
 24269 | Lair:8   | Identified the ring "Beinion" {AC+4 Dex+2 Stlth+} (You found it on level 8 of the Lair of Beasts)
 24727 | Orc:1    | Entered Level 1 of the Orcish Mines
 25270 | Orc:2    | Found a glowing golden altar of the Shining One.
 25959 | Orc:3    | Noticed Fannar
 26000 | Orc:3    | Killed Fannar
 26074 | Orc:3    | Found a shimmering altar of Xom.
 26114 | Orc:3    | Noticed Gastronok
 26125 | Orc:3    | Killed Gastronok
 26178 | Orc:3    | Received a gift from Okawaru
 26194 | Orc:3    | Got an ichor-stained short sword {god gift}
 26195 | Orc:3    | Identified the +5 short sword of Anxiety {holy, +Inv +Fly} (Okawaru gifted it to you on level 3 of the Orcish Mines)
 26216 | Orc:3    | Noticed Joseph
 26225 | Orc:3    | Killed Joseph
 26495 | Orc:3    | Found a staircase to the Elven Halls.
 26744 | Orc:4    | Entered Level 4 of the Orcish Mines
 26753 | Orc:4    | Found Pleybau's Weapon Boutique.
 26760 | Orc:4    | Found Puidd's Assorted Antiques.
 26859 | Orc:4    | Found Plog's General Store.
 26867 | Orc:4    | Found Pywufos' Book Boutique.
 26891 | Orc:4    | Bought a book of the Warp for 990 gold pieces
 26891 | Orc:4    | Bought a book of Enchantments for 550 gold pieces
 26905 | Orc:4    | Bought a scroll of fear for 63 gold pieces
 26962 | Orc:4    | Learned a level 8 spell: Discord
 26970 | Orc:4    | Learned a level 7 spell: Controlled Blink
 26977 | Orc:4    | Learned a level 6 spell: Haste
 26984 | Orc:4    | Learned a level 6 spell: Dispersal
 27028 | Orc:4    | Noticed an orc warlord
 27034 | Orc:4    | Reached skill level 1 in Charms
 27050 | Orc:4    | Reached skill level 1 in Translocations
 27059 | Orc:4    | Killed an orc warlord
 27269 | Orc:4    | Found Phairiv's Book Emporium.
 28116 | Orc:4    | Noticed trelanon's ghost (powerful VSGl)
 28639 | Orc:4    | Found Gruyg's General Store.
 28645 | Orc:4    | Found Ryez's Antique Armour Shoppe.
 28645 | Orc:4    | Found Plog's Antique Weapon Shoppe.
 28647 | Orc:4    | Found Gruuluy's Jewellery Emporium.
 28658 | Orc:4    | Received a gift from Okawaru
 28659 | Orc:4    | Got a brightly glowing short sword {god gift}
 28660 | Orc:4    | Identified the +9 short sword "Figyxite" {speed, rC+ Int+1} (Okawaru gifted it to you on level 4 of the Orcish Mines)
 28724 | Orc:4    | Bought a scroll of blinking for 135 gold pieces
 28726 | Orc:4    | Bought an uncursed ring of protection from fire for 450 gold pieces
 29177 | D:12     | Noticed a skeletal warrior
 29178 | D:12     | Noticed a skeletal warrior
 29179 | D:12     | Noticed a skeletal warrior
 29181 | D:12     | Noticed a skeletal warrior
 29181 | D:12     | Noticed a skeletal warrior
 29199 | D:12     | Killed Josephine
 29199 | D:12     | Reached skill level 5 in Charms
 29450 | D:12     | Killed a skeletal warrior
 29476 | D:12     | Killed a skeletal warrior
 29489 | D:12     | Killed a skeletal warrior
 29489 | D:12     | Reached skill level 5 in Translocations
 29776 | D:12     | Killed a skeletal warrior
 29798 | D:12     | Killed a skeletal warrior
 29881 | D:12     | Noticed an eight-headed hydra
 29893 | D:12     | Killed an eight-headed hydra
 30552 | D:13     | Received a gift from Okawaru
 31012 | D:14     | Found a gate to the Vaults.
 31287 | D:14     | Reached XP level 15. HP: 54/70 MP: 38/38
 32830 | D:14     | Learned a level 3 spell: Regeneration
 33092 | D:14     | Found a basalt altar of Yredelemnul.
 33269 | D:15     | Entered Level 15 of the Dungeon
 33316 | D:15     | Found a staircase to the Depths.
 33319 | D:15     | Noticed Sonja
 33513 | D:15     | Noticed Snorg
 34039 | D:15     | Killed Snorg
 34039 | D:15     | Received a gift from Okawaru
 34040 | D:15     | Got a sheer robe {god gift}
 34051 | D:15     | Identified the +2 robe of Spring {MR+} (Okawaru gifted it to you on level 15 of the Dungeon)
 34085 | D:15     | Killed Sonja
 34203 | D:15     | Noticed Roxanne
 34511 | D:15     | Killed Roxanne
 35260 | Orc:4    | Bought an uncursed ring of poison resistance for 360 gold pieces
 35309 | Orc:4    | Killed trelanon's ghost
 35802 | Spider:1 | Entered Level 1 of the Spider Nest
 36409 | Spider:1 | Reached skill level 10 in Translocations
 36590 | Spider:1 | Reached skill level 10 in Charms
 37822 | Spider:1 | Reached XP level 16. HP: 74/74 MP: 38/39
 38326 | Spider:2 | Reached skill level 15 in Spellcasting
 38358 | Spider:2 | Received a gift from Okawaru
 40067 | Spider:4 | Reached skill level 16 in Spellcasting
 40949 | Spider:5 | Entered Level 5 of the Spider Nest
 41427 | Spider:5 | Received a gift from Okawaru
 42001 | Spider:5 | Reached skill level 15 in Translocations
 42025 | Spider:5 | Reached skill level 17 in Spellcasting
 42340 | Spider:5 | Reached XP level 17. HP: 78/78 MP: 41/41
 42344 | Spider:5 | Received a gift from Okawaru
 42387 | Spider:5 | Got a gossamer rune of Zot
 42416 | Spider:5 | Got an iridescent cutlass {god gift}
 42417 | Spider:5 | Identified the +1 cutlass of Diplor {vamp, +Inv} (Okawaru gifted it to you on level 5 of the Spider Nest)
 43045 | Swamp:1  | Entered Level 1 of the Swamp
 43078 | Swamp:1  | Noticed Agnes
 43318 | Swamp:1  | Killed Agnes
 44291 | Swamp:2  | Received a gift from Okawaru
 45327 | Swamp:2  | Reached skill level 18 in Spellcasting
 45856 | Swamp:3  | Noticed Rupert
 45871 | Swamp:3  | Killed Rupert
 45876 | Swamp:3  | Noticed Mara
 46356 | Swamp:3  | Noticed Jorgrun
 46394 | Swamp:3  | Killed Jorgrun
 47065 | Swamp:5  | Entered Level 5 of the Swamp
 47300 | Swamp:5  | Noticed bullock's ghost (mighty MiFi)
 47855 | Swamp:5  | Killed bullock's ghost
 48021 | Swamp:5  | Got a decaying rune of Zot
 48063 | Swamp:5  | Received a gift from Okawaru
 48595 | Swamp:5  | Got an ancient steel ring
 48596 | Swamp:5  | Identified the ring of Nuozidis {Dex-2 Int+4 Stlth+} (You acquired it on level 5 of the Swamp)
 48748 | Swamp:5  | Noticed the 27-headed Lernaean hydra
 49899 | Swamp:5  | Reached XP level 18. HP: 41/82 MP: 37/42
 49902 | Swamp:5  | Reached skill level 15 in Hexes
 50789 | Swamp:5  | Killed the 27-headed Lernaean hydra
 51482 | Vaults:1 | Entered Level 1 of the Vaults
 52071 | Vaults:1 | Received a gift from Okawaru
 53623 | Vaults:1 | Found Truloaf's Magic Scroll Emporium.
 53629 | Vaults:1 | Received a gift from Okawaru
 53630 | Vaults:1 | Got a polished cutlass {god gift}
 53632 | Vaults:1 | Identified the +7 cutlass of the Sea {slice, rPois Dex+4} (Okawaru gifted it to you on level 1 of the Vaults)
 53640 | Vaults:1 | Bought a scroll of fog for 30 gold pieces
 53640 | Vaults:1 | Bought a scroll of recharging for 142 gold pieces
 54358 | Vaults:2 | Received a gift from Okawaru
 54388 | Vaults:2 | Found Soxze's General Store.
 54654 | Vaults:2 | Noticed Norris
 54909 | Vaults:2 | Found a staircase to the Crypt.
 54977 | Vaults:2 | Reached skill level 19 in Hexes
 55301 | Vaults:2 | Reached XP level 19. HP: 72/86 MP: 43/43
 55830 | Vaults:2 | Received a gift from Okawaru
 56030 | Vaults:2 | Reached skill level 20 in Hexes
 56109 | Vaults:2 | Noticed Frederick
 57104 | Vaults:2 | Killed Norris
 57410 | Vaults:2 | Killed Frederick
 57410 | Vaults:2 | Reached skill level 21 in Hexes
 57486 | Vaults:3 | Noticed Margery
 57561 | Vaults:3 | Killed Margery
 57563 | Vaults:3 | Received a gift from Okawaru
 57788 | Vaults:3 | Noticed Aizul
 57888 | Vaults:3 | Killed Aizul
 58605 | Vaults:3 | Found Wunwou's General Store.
 58728 | Vaults:3 | Reached skill level 22 in Hexes
 59427 | Vaults:4 | Received a gift from Okawaru
 59589 | Vaults:4 | Noticed Saint Roka
 60749 | Vaults:4 | Got a crystal arbalest
 60786 | Vaults:4 | Identified the cursed -2 arbalest "Bexzen Ziybb" {velocity, Dex+3 Int+4} (You found it on level 4 of the Vaults)
 60986 | Vaults:5 | Entered Level 5 of the Vaults
 60994 | Vaults:5 | Reached XP level 20. HP: 91/91 MP: 28/44
 61002 | Vaults:5 | Reached skill level 23 in Hexes
 61225 | Vaults:5 | Reached skill level 15 in Stealth
 62184 | Orc:4    | Bought a Necronomicon for 1214 gold pieces
 62799 | Vaults:5 | Got a steaming jade ring
 62800 | Vaults:5 | Identified the ring "Hyrarob" {AC+4 Str-5} (You found it on level 5 of the Vaults)
 62805 | Vaults:5 | Noticed Xtahua
 62836 | Vaults:5 | Killed Xtahua
 62836 | Vaults:5 | Received a gift from Okawaru
 62836 | Vaults:5 | Reached skill level 1 in Necromancy
 63179 | Vaults:5 | Reached skill level 5 in Fighting
 63473 | Vaults:5 | Got a glittering bronze ring
 63474 | Vaults:5 | Identified the ring "Addagig" {rF- rC+ Dex+3 SInv} (You found it on level 5 of the Vaults)
 64713 | Vaults:5 | Noticed a golden dragon
 64926 | Vaults:5 | Killed a golden dragon
 64982 | Vaults:5 | Noticed a golden dragon
 65402 | Vaults:5 | Noticed a golden dragon
 65423 | Vaults:5 | Killed a golden dragon
 65896 | Vaults:5 | Killed a golden dragon
 65896 | Vaults:5 | Received a gift from Okawaru
 65966 | Vaults:5 | Noticed a golden dragon
 66063 | Vaults:5 | Killed a golden dragon
 66155 | Vaults:5 | Hit by a large rock thrown by a stone giant

Action                   |  1- 3 |  4- 6 |  7- 9 | 10-12 | 13-15 | 16-18 | 19-21 || total
-------------------------+-------+-------+-------+-------+-------+-------+-------++-------
Melee: Dagger            |    59 |   113 |   342 |   727 |   161 |    97 |       ||  1499
       Quick blade       |       |       |       |    21 |   645 |    71 |       ||   737
       Short sword       |       |       |       |       |  1272 |  2373 |  1461 ||  5106
 Cast: Corona            |     5 |       |       |       |       |       |       ||     5
       Ensorcelled Hiber |    10 |    37 |    93 |    27 |       |     1 |       ||   168
       Confuse           |     6 |    15 |    53 |   127 |   167 |   147 |    71 ||   586
       Cure Poison       |       |       |       |     1 |     1 |     1 |       ||     3
       Regeneration      |       |       |       |       |       |    15 |    43 ||    58
       Controlled Blink  |       |       |       |       |       |    18 |    12 ||    30
       Haste             |       |       |       |       |       |    20 |    17 ||    37
       Repel Missiles    |       |       |       |       |       |     2 |     1 ||     3
       Dispersal         |       |       |       |       |       |     2 |       ||     2
       Discord           |       |       |       |       |       |       |    25 ||    25
Invok: Finesse           |       |       |       |       |     1 |       |       ||     1
 Abil: Evoke Invisibilit |       |       |       |       |     6 |     6 |       ||    12
       Evoke Flight      |       |       |       |       |       |    13 |       ||    13
       Stop Flying       |       |       |       |       |       |     1 |       ||     1
       Evoke Berserk Rag |       |       |       |       |       |       |     1 ||     1
Evoke: Wand              |     1 |       |     9 |     9 |    14 |    25 |     7 ||    65
       Fan of gales      |       |       |       |       |     1 |     1 |       ||     2
       Stone of tremors  |       |       |       |       |       |       |     1 ||     1
  Use: Scroll            |       |     6 |     2 |    38 |     6 |    12 |    10 ||    74
       Potion            |       |     3 |       |     4 |     8 |     8 |    16 ||    39
 Stab: Sleeping          |    14 |    30 |    87 |    79 |    62 |    92 |    35 ||   399
       Confused          |     2 |     8 |    34 |    71 |    64 |    76 |    22 ||   277
       Distracted        |       |       |       |     4 |    13 |    13 |     5 ||    35
       Invisible         |       |       |       |       |    26 |    13 |       ||    39
       Held in net/web   |       |       |       |       |       |     1 |       ||     1
  Eat: Bread ration      |       |       |     1 |     1 |     2 |     2 |     4 ||    10
       Royal jelly       |       |       |       |     1 |     1 |    12 |     1 ||    15
       Pizza             |       |       |       |       |     2 |     2 |       ||     4
       Fruit             |       |       |       |       |     6 |     7 |       ||    13
